 Dungeon Crawl Stone Soup version 0.15-a0-734-g2b8d6ef (webtiles) character file.

157 4tharraofdagon the Sneak (level 5, -1/42 HPs)
             Began as a Naga Fire Elementalist on May 11, 2014.
             Slain by Duvessa
             ... wielding a +4,+7 short sword
              (10 damage)
             ... on Level 4 of the Dungeon.
             The game lasted 00:08:27 (1129 turns).

4tharraofdagon the Sneak (Naga Fire Elementalist)   Turns: 1129, Time: 00:08:28

HP  -1/42        AC  2     Str 10      XL: 5   Next: 38%
MP   5/9         EV 10     Int 16      God:
Gold 144         SH  0     Dex 12      Spells:  3 memorised,  1 level left

rFire  . . .     SeeInvis +     g - +1,+0 mace
rCold  . . .     Clarity  .     a - +0 robe
rNeg   . . .     Conserve .     (no shield)
rPois  +         rCorr    .     (no helmet)
rElec  .         rRot     .     (no cloak)
SustAb . .       Spirit   .     (no gloves)
rMut   .         Warding  .     (no barding)
Gourm  .         Stasis   .     (no amulet)
MR     .....                    (no ring)
                                (no ring)

@: very slow, not resistant to hostile enchantments, fairly stealthy
A: spit poison, see invisible, deformed body, poison resistance, slowness 2, AC
+1
a: Spit Poison


You were on level 4 of the Dungeon.
You were not hungry.

You visited 1 branch of the dungeon, and saw 7 of its levels.

You collected 144 gold pieces.

Inventory:

Hand weapons
 g - a +1,+0 mace (weapon)
Armour
 a - a +0 robe (worn)
Magical devices
 o - a wand of lightning (0)
Comestibles
 c - 5 bread rations
 d - 3 meat rations
Scrolls
 e - a scroll of enchant weapon II {unknown}
 i - a scroll of enchant armour {unknown}
 m - a scroll of identify {unknown}
 n - a scroll of enchant weapon I
Jewellery
 f - an uncursed ring of teleport control
 k - an uncursed ring of see invisible
Potions
 j - a potion of poison {unknown}
 l - a potion of paralysis {unknown}
Books
 b - a book of Flames

   Spells                             Type                      Level
   *Flame Tongue                      Conjuration/Fire             1
   Throw Flame                        Conjuration/Fire             2
   *Conjure Flame                     Conjuration/Fire             3
   Inner Flame                        Hexes/Fire                   3
   *Sticky Flame                      Conjuration/Fire             4
   Fireball                           Conjuration/Fire             5
 h - a Young Poisoner's Handbook

   Spells                             Type                      Level
   Sting                              Conjuration/Poison           1
   Cure Poison                        Poison                       2
   Mephitic Cloud                     Conjuration/Poison/Air       3
   Olgreb's Toxic Radiance            Poison                       4
   Venom Bolt                         Conjuration/Poison           5


   Skills:
 - Level 1.5 Dodging
 + Level 4.5 Stealth
 + Level 2.6 Spellcasting
 * Level 2.8 Conjurations
 * Level 4.2 Fire Magic


You had one spell level left.
You knew the following spells:

 Your Spells              Type           Power        Failure   Level  Hunger
a - Flame Tongue          Conj/Fire      ##...        6%          1    #......
b - Conjure Flame         Conj/Fire      ##......     14%         3    ###....
c - Sticky Flame          Conj/Fire      ##......     50%         4    #####..


Dungeon Overview and Level Annotations

Branches:
Dungeon (7/15)
 Temple: D:4-7

Altars:
Qazlal

Annotations:
D:4 Dowan, Duvessa


Innate Abilities, Weirdness & Mutations

You cannot wear boots.
You can spit poison.
Your serpentine skin is tough (AC +1).
You have supernaturally acute eyesight.
Armour fits poorly on your strangely shaped body.
Your system is resistant to poisons.
You cover ground very slowly.


Message History

Aim: Duvessa, wielding a glowing short sword (heavily wounded, moving very quickly)
The sticky flame hits Duvessa.
Duvessa is severely wounded.
Duvessa is covered in liquid flames!
Duvessa burns!
Duvessa hits you with a glowing short sword.
Duvessa closely misses you.
A kobold comes into view. It is wielding a short sword.
Unknown command.
You barely miss Duvessa.
Duvessa is severely wounded.
Duvessa burns!
Duvessa closely misses you.
Duvessa hits you with a glowing short sword!
Unknown command.
You completely miss Duvessa.
Duvessa is severely wounded.
Duvessa burns! x2
Duvessa hits you with a glowing short sword!
* * * LOW HITPOINT WARNING * * *
Duvessa hits you with a glowing short sword!
You die...

#K....#....#####..
#.....#....#......
###.....#....#......
...K................
#.....#..# #......
#.....#..###......
#.#.###.................
...e...e...^.............
#.#.###@.)).....##......
#..###....##......
#.................
#......##########..
#......# #.% .......#
###.# ##......# #...#
#...>.. #.... ### #...#


You could see Duvessa (burning), Dowan and 2 kobolds.

Vanquished Creatures
  A centaur skeleton (D:5)
  2 hounds (D:5)
  A worker ant zombie (D:5)
  2 adders
  A giant gecko (D:3)
  2 orcs
  A ball python (D:1)
  A bat (D:5)
  A giant cockroach (D:2)
  A goblin (D:1)
  3 hobgoblins
  7 jackals
  7 kobolds
  3 giant newts
  A quokka (D:3)
  7 rats
41 creatures vanquished.

Notes
Turn   | Place    | Note
--------------------------------------------------------------
     0 | D:1      | 4tharraofdagon, the Naga Fire Elementalist, began the quest for the Orb.
     0 | D:1      | Reached XP level 1. HP: 15/15 MP: 3/3
   103 | D:1      | Reached XP level 2. HP: 14/22 MP: 1/4
   388 | D:2      | Reached XP level 3. HP: 20/28 MP: 0/6
   393 | D:2      | Learned a level 3 spell: Conjure Flame
   545 | D:3      | Found a stormy altar of Qazlal.
   566 | D:3      | You fall through a shaft!
   607 | D:6      | Noticed a scorpion
   611 | D:6      | :(
   631 | D:6      | Noticed an orc warrior
   659 | D:7      | Noticed a scorpion
   718 | D:5      | Entered Level 5 of the Dungeon
   729 | D:5      | Reached XP level 4. HP: 10/36 MP: 1/8
   861 | D:5      | Reached skill level 4 in Fire Magic
   879 | D:5      | Learned a level 4 spell: Sticky Flame
   919 | D:6      | Noticed a water moccasin
   954 | D:5      | Reached XP level 5. HP: 30/42 MP: 5/9
  1120 | D:4      | Noticed Duvessa
  1126 | D:4      | Noticed Dowan
  1129 | D:4      | Slain by Duvessa

Action                   |  1- 3 |  4- 6 || total
-------------------------+-------+-------++-------
Melee: Unarmed           |     5 |       ||     5
       Mace              |     6 |    15 ||    21
 Cast: Flame Tongue      |    29 |    12 ||    41
       Conjure Flame     |       |     3 ||     3
       Sticky Flame      |       |     1 ||     1
 Abil: Spit Poison       |    26 |     7 ||    33
Evoke: Wand              |       |     2 ||     2
  Use: Potion            |     3 |     1 ||     4
       Scroll            |     2 |       ||     2
 Stab: Sleeping          |     1 |     1 ||     2

Vault maps used:
D:1:      dpeg_arrival_tiny_h, st_stairs_12
D:3:      grunt_qazlal_sundering, first_bread, uniq_iyjb
D:4:      kennysheep_small_circle, uniq_grinder, uniq_duvessa
D:6:      minmay_temple_entry_statues_pillars
D:7:      serial_shops, shop
